 Dungeon Crawl Stone Soup version 0.32-a0-765-gfba4d74c8c (webtiles) character file.

Game seed: 7939833181509383558

262364 GordonOverkill the Severer (level 19, -3/169 HPs)
             Began as a Demonspawn Delver on Mar 18, 2024.
             Was the Champion of Beogh.
             Slain by a vault warden
             ... wielding a +0 glaive
              (36 damage)
             ... on level 4 of the Vaults.
             The game lasted 01:27:44 (35626 turns).

GordonOverkill the Severer (Demonspawn Delver)     Turns: 35626, Time: 01:27:45

Health: -3/169     AC: 27    Str: 27    XL:     19   Next: 60%
Magic:  33/33      EV: 14    Int: 12    God:    Beogh [******]
Gold:   539        SH: 13    Dex: 13    Spells: 26/26 levels left

rFire   + . .        a - +9 broad axe (freeze)
rCold   + + .        A - +0 tower shield {AC+3}
rNeg    + . .        G - +2 plate armour {rF+}
rPois   .            R - +2 helmet
rElec   +            q - +0 cloak
rCorr   +            t - +2 pair of gloves
SInv    .            (boots unavailable)
Will    +++..        D - amulet "Pozablea" {rC++ rN+ Regen+}
Stlth   +            Y - +6 ring of strength
HPRegen 1.28/turn    m - ring "Koegav" {rElec Will++ rCorr Int+2 Dex-2}
MPRegen 0.23/turn

%: no passive effects
@: mighty, agile
A: walk on water, hooves 3, icemail 1, powered by pain 2, sturdy frame 3,
condensation shield, corrupting presence 1
}: 1/15 runes: serpentine
a: Renounce Religion, Smiting, Recall Apostles, Blood for Blood, Dismiss
Bolgrim, warrior, Dismiss Agrik, warrior, Dismiss Ugrim, priest


You were on level 4 of the Vaults.
You worshipped Beogh.
Beogh was exalted by your worship.
You visited 5 branches of the dungeon, and saw 30 of its levels.
You visited the Abyss 1 time.
You also visited: Bailey, Ice Cave and Volcano.

You collected 3420 gold pieces.
You spent 2881 gold pieces at shops.

Inventory:

Hand Weapons
 a - a +9 broad axe of freezing (weapon)
 b - a +2 broad axe of flaming
Missiles
 o - 61 poisoned darts (quivered)
 z - a throwing net
 J - 5 curare-tipped darts
Armour
 q - a +0 cloak (worn)
 t - a +2 pair of gloves (worn)
 A - a +0 tower shield of protection (worn)
 E - a +2 chain mail of poison resistance
 G - a +2 plate armour of fire resistance (worn)
 R - a +2 helmet (worn)
Jewellery
 f - a ring of protection from cold
 m - the ring "Koegav" (right hand) {rElec Will++ rCorr Int+2 Dex-2}
   (You found it on level 15 of the Dungeon)

   [ring of resist corrosion]

   Int+2:     It affects your intelligence (+2).
   Dex-2:     It affects your dexterity (-2).
   rElec:     It insulates you from electricity.
   Will++:    It greatly increases your willpower.
   rCorr:     It protects you from acid and corrosion.
 u - an amulet of reflection
 B - a ring of protection from fire
 D - the amulet "Pozablea" (around neck) {rC++ rN+ Regen+}
   (You found it on level 5 of the Lair of Beasts)

   [amulet of regeneration]

   rC++:      It greatly protects you from cold.
   rN+:       It protects you from negative energy.
   Regen+:    It increases your rate of health regeneration.
 X - the ring "Cenublig" {Ice rN+ rCorr Str+2 Dex-4}
   (You found it on level 5 of the Lair of Beasts)

   [ring of ice]

   Ice:       It enhances your ice magic.
   Str+2:     It affects your strength (+2).
   Dex-4:     It affects your dexterity (-4).
   rF-:       It makes you vulnerable to fire.
   rC+:       It protects you from cold.
   rN+:       It protects you from negative energy.
   rCorr:     It protects you from acid and corrosion.
 Y - a +6 ring of strength (left hand)
Wands
 g - a wand of digging (6)
 x - a wand of warping (16)
 y - a wand of charming (24)
 C - a wand of flame (40)
 H - a wand of acid (3)
 L - a wand of mindburst (6)
Scrolls
 c - 9 scrolls of fog
 d - 4 scrolls of revelation
 h - 4 scrolls of poison
 j - 7 scrolls of enchant armour
 k - 10 scrolls of identify
 n - a scroll of silence
 p - 3 scrolls of fear
 v - 11 scrolls of teleportation
 w - a scroll of blinking
 T - 3 scrolls of immolation
 U - a scroll of brand weapon
 W - 7 scrolls of vulnerability
Potions
 e - a potion of resistance
 i - 9 potions of curing
 r - 4 potions of attraction
 s - 4 potions of haste
 F - 5 potions of brilliance
 I - 4 potions of magic
 K - 4 potions of cancellation
 O - 3 potions of enlightenment
 P - 5 potions of might
 Q - 5 potions of mutation
 S - 5 potions of lignification
Miscellaneous
 l - a sack of spiders
 Z - a phantom mirror


   Skills:
 - Level 20.0 Fighting
 - Level 20.0 Axes
 - Level 1.0 Throwing
 - Level 10.0 Armour
 + Level 7.0 Dodging
 - Level 4.5 Stealth
 - Level 5.0 Shields
 - Level 4.0 Spellcasting
 - Level 20.0 Invocations
 - Level 5.0 Evocations


You had 26 spell levels left.
You didn't know any spells.
Your spell library contained the following spells:

 Spells                   Type           Power      Damage    Failure   Level
 Necrotise                Necr           8%         1d4       94%         1
 Sandblast                Erth           4%         2d4       94%         1
 Jinxbite                 Hex            4%         N/A       98%         2
 Lesser Beckoning         Tloc           4%         N/A       98%         2
 Fugue of the Fallen      Necr           2%         N/A       100%        3
 Gell's Gravitas          Tloc           2%         N/A       100%        3
 Inner Flame              Hex/Fire       2%         N/A       100%        3
 Ozocubu's Armour         Ice            2%         N/A       100%        3
 Stone Arrow              Conj/Erth      4%         3d7       100%        3
 Teleport Other           Tloc           2%         N/A       100%        3
 Tukima's Dance           Hex            2%         N/A       100%        3
 Vampiric Draining        Necr           2%         2d6       100%        3
 Volatile Blastmotes      Fire/Tloc      4%         2d10      100%        3
 Fulminant Prism          Conj/Alch      1%         3d5       100%        4
 Iskenderun's Mystic Bla  Conj/Tloc      2%         2d3       100%        4
 Manifold Assault         Tloc           2%         N/A       100%        4
 Martyr's Knell           Necr/Summ      2%         N/A       100%        4
 Olgreb's Toxic Radiance  Alch           2%         N/A       100%        4
 Passage of Golubria      Tloc           2%         N/A       100%        4
 Vhi's Electric Charge    Tloc/Air       4%         N/A       100%        4
 Alistair's Intoxication  Alch           1%         N/A       100%        5
 Arcjolt                  Conj/Air       1%         1d11      100%        5
 Borgnjor's Vile Clutch   Necr/Erth      1%         N/A       100%        5
 Curse of Agony           Necr           2%         N/A       100%        5
 Irradiate                Conj/Alch      1%         3d12      100%        5
 Summon Forest            Summ/Tloc      1%         N/A       100%        5
 Yara's Violent Unravell  Hex/Alch       1%         3d3       100%        5
 Eringya's Noxious Bog    Alch           1%         4d6       100%        6
 Enfeeble                 Hex            1%         N/A       100%        7
 Ozocubu's Refrigeration  Ice            1%         4d7       100%        7
 Discord                  Hex            1%         N/A       100%        8
 Ignition                 Fire           1%         3d3       100%        8
 Maxwell's Capacitive Co  Air            1%         ∞         100%        8
 Shatter                  Erth           1%         3d5*      100%        9


Dungeon Overview and Level Annotations

Branches:
Dungeon (15/15)            Temple (0/1) D:6            Lair (5/5) D:11
  Swamp (0/4) Lair:2        Snake (4/4) Lair:2        Slime (0/5) Lair:5
    Orc (2/2) D:12            Elf (0/3) Orc:2        Vaults (4/5) D:14
  Crypt (0/3) Vaults:2     Depths (0/4) D:15         Bailey (visited)
  IceCv (visited)         Volcano (visited)

Altars:
Ashenzari
Gozag
Makhleb
Nemelex Xobeh
Okawaru
Sif Muna
Trog
Beogh
Jiyva

Shops:
Orc:2 **[?   Snake:2 (:*(:   Snake:3 **   Snake:4 ?   Vaults:1 =   Vaults:2 (

Annotations:
Snake:3 2 transporters, exclusion: orange crystal statue
Vaults:1 2 transporters, Anosyof's ghost, adept CeHu


Innate Abilities, Weirdness & Mutations

You can walk on water.
Your facial features are unmistakably orcish.
You have hooves in place of feet.
A meltable icy envelope protects you from harm. (AC +0)
You sometimes gain power by taking damage.
Your movements are significantly less encumbered by armour. (ER -6)
A meltable shield of frost defends you. (SH +0)
Your presence sometimes corrodes those you injure.


Message History

The yaktaur captain shoots a slug.
The slug hits Agrik!!
The slug burns Agrik!
The vault warden hits you but does no damage.
You feel better.
Agrik hits the yaktaur captain with the +5 great mace of Rasudocs!!
The yaktaur captain dies!
Beogh accepts your kill.
The yaktaur hits you but does no damage.
The yaktaur barely misses you. The vault warden closely misses you.
You feel better.
Agrik hits the yaktaur with the +5 great mace of Rasudocs!
The yaktaur hits you but does no damage.
You block the yaktaur's attack.
The vault warden hits you with a +0 glaive!!
* * * LOW HITPOINT WARNING * * *
You feel better.
Agrik hits the yaktaur with the +5 great mace of Rasudocs!!
The yaktaur closely misses you. You block the yaktaur's attack.
The vault warden hits you with a +0 glaive!
* * * LOW HITPOINT WARNING * * *
You feel better.
Agrik barely misses the yaktaur.
The yaktaur closely misses you.
The yaktaur hits you but does no damage.
The vault warden hits you but does no damage.
You feel better.
Agrik is no longer moving quickly.
Agrik hits the yaktaur with the +5 great mace of Rasudocs!!
The yaktaur dies!
Beogh accepts your kill. You block the yaktaur's attack.
You block the vault warden's attack.
Your Dodging skill increases to level 7!
You feel better. The yaktaur completely misses you.
The vault warden hits you with a +0 glaive.
* * * LOW HITPOINT WARNING * * *
You slash the vault warden! You freeze the vault warden.
The vault warden is heavily wounded.
You slice the yaktaur!! You freeze the yaktaur!
Agrik is invigorated by your prowess.
Agrik completely misses the yaktaur.
You block the yaktaur's attack.
The vault warden hits you with a +0 glaive!!!
You die...

#.......#....#########
#......(#....#
##########'###########
.....................+
.........o...........#
........########(....#
........#...)..#.....#
........#...)))#.....#
........#..)@o.#.....#
........#...pc.+o....#
........#......#o....#
........#......#^....#
........########.....#
...............)†[...#
.....................#
#############+########


You could see a vault warden, a yaktaur (ally target) and the friendly Agrik the
orc apostle.

Vanquished Creatures
  Boris (Vaults:1)
  Rupert (D:12)
  The ghost of Raecovv Etaz the Shatterer, an adept TrGl of Wu Jian (Vaults:3)
  A tengu reaver (Vaults:4)
  Gastronok (Lair:3)
  6 nagarajas (Snake:4)
  7 vault wardens
  A frost giant (IceCv)
  A draconian annihilator (Abyss:2)
  8 ironbound preservers
  A stone giant (Vaults:2)
  A lorocyproca (Abyss:2)
  A war gargoyle (D:14)
  8 dire elephants
  2 ettins (Snake:2)
  An eidolon (Vaults:2)
  2 yaktaur captains (Vaults:2)
  An entropy weaver (Vaults:1)
  2 great orbs of eyes (Vaults:3)
  A fire dragon (Volcano)
  A hydra (D:15)
  5 vault guards
  4 anacondas
  An ogre mage (D:15)
  6 ironbound frosthearts
  5 boulder beetles
  A death knight (D:14)
  5 two-headed ogres
  10 centaur warriors
  14 death yaks
  11 naga sharpshooters
  4 shock serpents
  10 naga warriors
  3 sun demons (Volcano)
  Nergalle (D:10)
  A spectral death yak (Lair:5)
  A soul eater (Vaults:2)
  Sonja (Lair:3)
  2 skysharks
  3 sea snakes
  5 skeletal warriors
  A spectral anaconda (Lair:5)
  2 salamander mystics (Snake:2)
  17 mana vipers
  3 arcanists
  A glowing orange brain (Vaults:1)
  25 deep trolls
  4 naga ritualists
  A bog body (Abyss:2)
  2 obsidian statues
  4 necromancers
  A lindwurm (Lair:2)
  A phantasmal warrior (Vaults:2)
  A large abomination (Abyss:2)
  3 harpies (Vaults:1)
  2 orc sorcerers (Orc:2)
  2 deep elf pyromancers (D:13)
  4 orc knights
  12 ironbound convokers
  A wolf spider (D:15)
  5 cyclopes
  19 salamanders
  A salamander (shapeshifter) (D:15)
  An oklob plant (Lair:4)
  12 ugly things
  11 elephants
  3 smoke demons (Volcano)
  7 vault sentinels
  2 ice statues
  22 black mambas
  2 kobold blastminers (Orc:2)
  4 guardian serpents
  3 starcursed masses (Abyss:2)
  16 cane toads
  19 naga magi
  An unseen horror (D:13)
  9 yaktaurs (Vaults:2)
  9 rime drakes
  A yaktaur zombie (Vaults:3)
  5 komodo dragons (Lair:4)
  3 guardian mummies (D:13)
  8 polar bears
  7 trolls
  11 blink frogs
  A raiju (Abyss:2)
  4 dream sheep
  2 spectral elephants (Lair:5)
  10 slime creatures
  2 wraiths
  A vampire (D:12)
  24 yaks
  2 wyverns
  A basilisk (Lair:1)
  2 steam dragons (Volcano)
  2 vampire mosquitoes (D:13)
  3 wargs
  4 small abominations (Abyss:2)
  Menkaure (D:4)
  2 death yak simulacra (Lair:5)
  A redback (Vaults:1)
  38 nagas
  An acid dragon (D:10)
  A swamp worm (Lair:2)
  11 water moccasins
  4 hell hounds (Volcano)
  8 orc warriors
  2 elephant zombies (Lair:5)
  A sky beast (D:3)
  4 black bears
  3 ice beasts
  4 laughing skulls
  4 ogres
  14 wolves
  A boggart (Vaults:2)
  11 centaurs
  2 elephant skeletons (Lair:5)
  2 kobold brigands
  13 bullfrogs
  A gnoll sergeant (D:6)
  2 scorpions
  A cane toad simulacrum (Lair:5)
  2 elephant simulacra (Lair:5)
  3 electric eels
  5 howler monkeys
  A lava snake (Snake:2)
  5 hounds
  2 jellies (D:5)
  10 orc priests
  11 orc wizards
  A scrub nettle (Lair:1)
  A sleepcap (D:5)
  2 iguanas
  6 hell rats (Lair:3)
  3 mummies (D:13)
  20 gnolls
  9 adders
  6 ufetubi
  4 dart slugs
  A ribbon worm (D:4)
  16 orcs
  6 ball pythons
  6 endoplasms
  6 giant cockroaches
  5 goblins
  7 hobgoblins
  3 quokkas
  3 bats
  A frilled lizard (D:1)
  17 kobolds
  5 rats
767 creatures vanquished.

Vanquished Creatures (collateral kills)
  Vashnia (Snake:3)
  The ghost of mn3067 the Warrior, an adept DjAE of Ashenzari (Snake:3)
  A sphinx (Vaults:4)
  2 nagarajas (Snake:4)
  3 vault wardens
  7 ironbound preservers
  An ironbound thunderhulk (Vaults:3)
  3 dire elephants
  2 yaktaur captains
  A vault guard (Vaults:3)
  2 hydras (Lair:4)
  Erolcha (Orc:2)
  3 centaur warriors (Vaults:2)
  2 ironbound frosthearts
  3 two-headed ogres
  2 anacondas
  A vampire mage (Vaults:2)
  3 boulder beetles
  4 naga warriors
  A shock serpent (Snake:3)
  A sun demon (Volcano)
  2 death yaks (Lair:5)
  8 naga sharpshooters
  2 skysharks
  Amaemon (D:11)
  2 wretched stars (Abyss:2)
  A glowing orange brain (Abyss:2)
  A skeletal warrior (D:15)
  4 sea snakes
  14 deep trolls
  3 naga ritualists (Snake:4)
  6 mana vipers
  A flayed ghost (Abyss:2)
  An arcanist (Vaults:1)
  A harpy (Vaults:1)
  4 orc knights
  A deep elf pyromancer (D:9)
  A necromancer (Vaults:3)
  An oklob plant (Lair:5)
  An orc sorcerer (Orc:2)
  2 ugly things
  A manticore (D:12)
  2 kobold blastminers (Orc:1)
  16 black mambas
  A human skeleton (Vaults:3)
  13 salamanders
  2 vault sentinels (Vaults:3)
  6 elephants
  3 guardian serpents
  10 naga magi
  A torpor snail (shapeshifter) (Vaults:2)
  4 cane toads
  Jeremiah (D:6)
  An orange demon (D:11)
  3 rime drakes
  A kobold demonologist (D:13)
  8 yaktaurs
  A komodo dragon (Lair:4)
  An ice devil (Vaults:2)
  Psyche (D:9)
  2 freezing wraiths
  4 trolls
  4 polar bears
  A guardian mummy (D:13)
  A bloated husk (Abyss:2)
  2 blink frogs
  6 slime creatures
  2 shadows
  2 small abominations (Abyss:2)
  17 yaks
  A vampire mosquito (D:9)
  A steam dragon (D:6)
  A death yak simulacrum (Lair:5)
  29 nagas
  A spectral cane toad (Lair:5)
  7 water moccasins
  5 orc warriors
  6 ice beasts
  2 boggarts (Vaults:2)
  2 wolves (Lair:1)
  An ogre (Orc:2)
  2 centaurs
  A kobold brigand (D:8)
  2 bullfrogs
  A human zombie (Vaults:3)
  A cane toad simulacrum (Lair:5)
  5 howler monkeys
  A lava snake (Snake:2)
  A hound (D:7)
  4 orc priests
  A gnoll bouda (D:8)
  A scrub nettle (Lair:1)
  2 sleepcaps
  7 orc wizards
  A hell rat (Lair:3)
  A mummy (D:13)
  A shadow imp (Abyss:2)
  6 orcs
  3 kobolds
316 creatures vanquished.

Vanquished Creatures (others)
  10 orc apostles
  A mana viper (Snake:4)
  A rime drake (IceCv)
  A yaktaur (Vaults:2)
  3 orc warriors
  An ogre (Orc:1)
  A wolf (IceCv)
  A boggart (Vaults:2)
  A howler monkey (D:10)
  8 orc priests
  3 orc wizards
  10 orcs
  45 foxfires
86 creatures vanquished.

Grand Total: 1169 creatures vanquished

Notes
Turn   | Place    | Note
-------+----------+-------------------------------------------
     0 | D:5      | GordonOverkill the Demonspawn Delver began the quest for
                  | the Orb.
     0 | D:5      | Reached XP level 1. HP: 18/18 MP: 1/1
     1 | D:6      | Noticed a gnoll sergeant
    93 | D:5      | Noticed a howler monkey
   108 | D:5      | Noticed a hound
   329 | D:5      | Noticed a jelly
   384 | D:5      | Identified the +5 chain mail "Emi Ina" {rElec MP-9 SInv}
   395 | D:4      | Noticed a hound
   397 | D:4      | Noticed a black bear
   537 | D:2      | Gained mutation: A meltable shield of frost defends you.
                  | (SH +0) [demonic ancestry]
   537 | D:2      | Reached XP level 2. HP: 24/24 MP: 0/2
   557 | D:2      | Found a burning altar of Makhleb.
  1039 | D:1      | Reached XP level 3. HP: 25/29 MP: 0/3
  1180 | D:1      | Reached skill level 1 in Throwing
  1703 | D:2      | Gained mutation: You have large cloven feet. [demonic
                  | ancestry]
  1703 | D:2      | Reached XP level 4. HP: 35/35 MP: 0/4
  2043 | D:3      | Found a faded altar of an unknown god.
  2320 | D:3      | Reached skill level 1 in Evocations
  2686 | D:3      | Prayed at the altar of an unknown god.
  2686 | D:3      | Became a worshipper of Beogh the Shepherd
  2686 | D:3      | Reached * piety under Beogh
  2746 | D:4      | Reached skill level 1 in Invocations
  2746 | D:4      | Gained mutation: Your movements are slightly less
                  | encumbered by armour. (ER -2) [demonic ancestry]
  2746 | D:4      | Reached XP level 5. HP: 25/41 MP: 0/5
  2751 | D:4      | Noticed a black bear
  2753 | D:4      | Killed a black bear
  2859 | D:4      | Killed a black bear
  2860 | D:4      | Reached skill level 5 in Axes
  2860 | D:4      | Reached XP level 6. HP: 47/47 MP: 1/8
  3751 | D:4      | Noticed Menkaure
  3751 | D:4      | Noticed a sky beast
  3848 | D:3      | Killed a sky beast
  3849 | D:3      | Gained mutation: Your movements are less encumbered by
                  | armour. (ER -4) [demonic ancestry]
  3849 | D:3      | Reached XP level 7. HP: 52/52 MP: 0/9
  3862 | D:4      | Killed Menkaure
  3862 | D:4      | Reached ** piety under Beogh
  5193 | D:5      | Gained mutation: A meltable icy envelope protects you from
                  | harm. (AC +0) [demonic ancestry]
  5193 | D:5      | Reached XP level 8. HP: 38/58 MP: 1/10
  5798 | D:6      | Reached skill level 5 in Fighting
  5841 | D:6      | Found a staircase to the Ecumenical Temple.
  5933 | D:6      | Reached *** piety under Beogh
  5984 | D:6      | Noticed Milork
  6107 | D:6      | Anointed Milork the warrior as your apostle
  6295 | D:6      | Got Liter's Tome of the Excursion and the Volcano
  6323 | D:6      | Reached skill level 5 in Invocations
  6383 | D:6      | Noticed a two-headed ogre
  6396 | D:6      | Killed a two-headed ogre
  6397 | D:6      | Gained mutation: You sometimes gain a little power by
                  | taking damage. [demonic ancestry]
  6397 | D:6      | Reached XP level 9. HP: 26/69 MP: 2/15
  6563 | D:6      | Noticed Bogwald
  6585 | D:6      | Anointed Bogwald the priest as your apostle
  6708 | D:6      | Noticed Jeremiah
  6721 | D:6      | Killed Jeremiah
  7266 | D:8      | Found a shimmering blue altar of Sif Muna.
  7319 | D:8      | Found an iron altar of Okawaru.
  7466 | D:8      | Reached skill level 10 in Axes
  8031 | D:8      | Found an opulent altar of Gozag.
  8236 | D:9      | Noticed a deep elf pyromancer
  8237 | D:9      | Gained mutation: You sometimes gain power by taking damage.
                  | [demonic ancestry]
  8237 | D:9      | Reached XP level 10. HP: 76/76 MP: 7/16
  8246 | D:9      | Killed a deep elf pyromancer
  8259 | D:9      | Noticed a two-headed ogre
  8263 | D:9      | Reached **** piety under Beogh
  8270 | D:9      | Killed a two-headed ogre
  8561 | D:9      | Noticed Psyche
  8567 | D:9      | Killed Psyche
  9167 | D:10     | Entered Level 10 of the Dungeon
  9183 | D:10     | Found a sparkling altar of Nemelex Xobeh.
  9199 | D:10     | Reached skill level 1 in Armour
  9212 | D:10     | Gained mutation: You have hoof-like feet. [demonic
                  | ancestry]
  9212 | D:10     | Reached XP level 11. HP: 84/86 MP: 8/17
  9215 | D:10     | Found a flagged portal.
  9224 | Bailey   | Entered a bailey
  9302 | Bailey   | Noticed an orc knight
  9302 | Bailey   | Noticed an orc knight
  9311 | Bailey   | Killed an orc knight
  9318 | Bailey   | Killed an orc knight
  9351 | Bailey   | Noticed an orc knight
  9362 | Bailey   | Killed an orc knight
  9363 | Bailey   | Reached skill level 5 in Armour
  9363 | Bailey   | Reached skill level 1 in Shields
  9485 | D:10     | Noticed Nergalle
  9497 | D:10     | Killed Nergalle
  9550 | D:10     | Noticed Bogdar
  9566 | D:10     | Anointed Bogdar the wizard as your apostle
 10356 | D:11     | Reached skill level 5 in Shields
 10499 | D:11     | Noticed a two-headed ogre
 10503 | D:11     | Killed a two-headed ogre
 10685 | D:11     | Noticed Amaemon
 10695 | D:11     | Killed Amaemon
 10949 | D:11     | Found a staircase to the Lair.
 11076 | D:12     | Found a staircase to the Orcish Mines.
 11397 | D:12     | Noticed Rupert
 11404 | D:12     | Your ally Bogdar died
 11413 | D:12     | Your ally Bogwald died
 11416 | D:12     | Killed Rupert
 11417 | D:12     | Reached XP level 12. HP: 24/92 MP: 2/18
 11854 | Lair:1   | Entered Level 1 of the Lair of Beasts
 12217 | Lair:1   | Identified the +7 mace of a Gauntlet {freeze, rPois rC+
                  | Will+}
 12790 | Lair:2   | Identified the +0 ring mail of Enesyaxt {+Blink Regen+
                  | Int-4}
 12873 | Lair:2   | Identified the +0 ring mail of the Farrier {-Tele rPois
                  | Str+3}
 12981 | Lair:2   | Noticed a death yak
 12981 | Lair:2   | Noticed a death yak
 12981 | Lair:2   | Noticed a death yak
 12990 | Lair:2   | Your ally Milork died
 13096 | Lair:2   | Found a frozen archway.
 13102 | IceCv    | Entered an ice cave
 13237 | IceCv    | Noticed a death yak
 13255 | IceCv    | Reached skill level 10 in Fighting
 13259 | IceCv    | Killed a death yak
 13499 | IceCv    | Noticed a death yak
 13499 | IceCv    | Noticed a death yak
 13517 | IceCv    | Killed a death yak
 13525 | IceCv    | Killed a death yak
 14268 | IceCv    | Reached skill level 15 in Axes
 14413 | IceCv    | Noticed a death yak
 14432 | IceCv    | Killed a death yak
 14523 | IceCv    | Noticed a death yak
 14523 | IceCv    | Noticed a frost giant
 14545 | IceCv    | Killed a frost giant
 14579 | IceCv    | Reached XP level 13. HP: 60/103 MP: 8/19
 15259 | Lair:2   | Noticed Bolgrim
 15272 | Lair:2   | Anointed Bolgrim the warrior as your apostle
 15503 | Lair:2   | Found a staircase to the Snake Pit.
 15591 | Lair:2   | Found a staircase to the Swamp.
 16090 | Lair:3   | Noticed Sonja
 16100 | Lair:3   | Killed Sonja
 16222 | Lair:3   | Noticed Gastronok
 16230 | Lair:3   | Killed Gastronok
 16231 | Lair:3   | Reached skill level 10 in Invocations
 16697 | Lair:3   | Reached ***** piety under Beogh
 17150 | Lair:4   | Gained mutation: Your movements are significantly less
                  | encumbered by armour. (ER -6) [demonic ancestry]
 17150 | Lair:4   | Reached XP level 14. HP: 56/110 MP: 12/21
 17438 | Lair:4   | Found a dark tunnel.
 17459 | Volcano  | Entered a volcano
 18119 | Lair:4   | Reached skill level 5 in Evocations
 18635 | Lair:5   | Entered Level 5 of the Lair of Beasts
 18722 | Lair:5   | Reached ****** piety under Beogh
 18746 | Lair:5   | Identified the +10 hand axe of the Arcadian God {protect,
                  | rN+ Will+ Dex+2}
 18746 | Lair:5   | Identified the +6 leather armour "Zuapod" {rCorr Str+5}
 18768 | Lair:5   | Anointed Garbold the priest as your apostle
 18986 | Lair:5   | Identified the ring "Luruciah" {Fire Int+6}
 18995 | Lair:5   | Identified the staff of Witun {^Drain rElec Str+7 Tloc
                  | Earth}
 19437 | Lair:5   | Found a viscous altar of Jiyva.
 19437 | Lair:5   | Found a staircase to the Slime Pits.
 19562 | Lair:5   | Reached XP level 15. HP: 101/115 MP: 13/22
 19626 | Lair:5   | Identified the ring "Cenublig" {Ice rN+ rCorr Str+2 Dex-4}
 19874 | Lair:5   | Identified the amulet "Pozablea" {rC++ rN+ Regen+}
 19983 | Lair:5   | Identified the staff of Plunder {rElec Str-2 Summ Earth}
 20741 | D:13     | Found a gate leading to a gauntlet.
 21583 | D:14     | Found a gate to the Vaults.
 21874 | D:15     | Entered Level 15 of the Dungeon
 21915 | D:15     | Found an iron altar of Okawaru.
 22035 | D:15     | Identified the ring "Koegav" {rElec Will++ rCorr Int+2
                  | Dex-2}
 22320 | D:15     | Found a staircase to the Depths.
 23036 | Orc:1    | Entered Level 1 of the Orcish Mines
 23268 | Orc:1    | Found a burning altar of Makhleb.
 23406 | Orc:2    | Entered Level 2 of the Orcish Mines
 23470 | Orc:2    | Found a burning altar of Makhleb.
 23516 | Orc:2    | Noticed Erolcha
 23522 | Abyss:2  | Cast into level 2 of the Abyss (Erolcha)
 23578 | Abyss:2  | Found a corrupted altar of Lugonu.
 23587 | Abyss:2  | Found a corrupted altar of Lugonu.
 23599 | Abyss:2  | Paralysed by accursed screaming for 1 turns
 23600 | Abyss:2  | HP: 1/125 [bunyip (14)]
 23681 | Abyss:2  | Found a corrupted altar of Lugonu.
 23687 | Abyss:2  | Reached XP level 16. HP: 133/133 MP: 7/23
 23809 | Orc:2    | Escaped the Abyss
 23813 | Orc:2    | Killed Erolcha
 23906 | Orc:2    | Your ally Garbold died
 23964 | Orc:2    | Found Uttus's General Store.
 23964 | Orc:2    | Found Liahuepn's Assorted Antiques.
 23967 | Orc:2    | Found Juhiq's Magic Scroll Emporium.
 23967 | Orc:2    | Found Kamiffy's Armour Emporium.
 23993 | Orc:2    | Found a staircase to the Elven Halls.
 24023 | Orc:2    | Bought a potion of might for 48 gold pieces
 24029 | Orc:2    | Bought a phantom mirror for 1360 gold pieces
 24029 | Orc:2    | Bought a shiny kite shield for 255 gold pieces
 24270 | Orc:2    | Bought a scroll of fear for 40 gold pieces
 24270 | Orc:2    | Bought a scroll of enchant armour for 75 gold pieces
 24270 | Orc:2    | Bought a scroll of teleportation for 30 gold pieces
 24270 | Orc:2    | Bought a scroll of fear for 40 gold pieces
 24270 | Orc:2    | Bought a scroll of enchant armour for 75 gold pieces
 24270 | Orc:2    | Bought a scroll of vulnerability for 40 gold pieces
 24487 | Snake:1  | Entered Level 1 of the Snake Pit
 24497 | Snake:1  | Reached skill level 15 in Fighting
 25726 | Snake:2  | Found Domasih's Weapon Shoppe.
 25731 | Snake:2  | Found Gifodgh's Assorted Antiques.
 25731 | Snake:2  | Found Tuangit's Book Shoppe.
 25731 | Snake:2  | Found Roenusm's Antique Weapon Shoppe.
 25763 | Snake:2  | Bought a potion of heal wounds for 195 gold pieces
 25781 | Snake:2  | Found Ryimapept's Book Boutique.
 25791 | Snake:2  | Found a broken altar of Ashenzari.
 26086 | Snake:2  | Your ally Milork died
 26406 | Snake:2  | Reached skill level 15 in Invocations
 26437 | Snake:2  | Identified the +5 great mace of Rasudocs {heavy, *Corrode
                  | Dex+4}
 26454 | Snake:2  | Anointed Agrik the warrior as your apostle
 26916 | Snake:3  | Found Wipluth's General Store.
 26921 | Snake:3  | Bought a scroll of teleportation for 39 gold pieces
 26921 | Snake:3  | Bought a potion of heal wounds for 65 gold pieces
 26921 | Snake:3  | Bought a potion of might for 52 gold pieces
 27337 | Snake:3  | Found a transporter.
 27490 | Snake:3  | Reached XP level 17. HP: 125/142 MP: 28/28
 27506 | Snake:3  | Noticed Vashnia
 27512 | Snake:3  | Killed Vashnia
 27771 | Snake:3  | Found a runed translucent gate.
 27771 | Snake:3  | Found a runed translucent gate.
 27771 | Snake:3  | Found a runed translucent gate.
 27773 | Snake:3  | Found an opulent altar of Gozag.
 27775 | Snake:3  | Noticed mn3067's ghost (adept DjAE)
 27788 | Snake:3  | Found a transporter.
 27788 | Snake:3  | Identified the +8 hand axe "Geil" {flame, rN+ Int+3}
 27796 | Snake:3  | Found Kirch's Assorted Antiques.
 27813 | Snake:3  | Killed mn3067's ghost
 27860 | Snake:3  | Bought a scroll of blinking for 292 gold pieces
 27941 | Snake:3  | Reached skill level 10 in Armour
 28437 | Snake:4  | Entered Level 4 of the Snake Pit
 28553 | Snake:4  | Your ally Agrik died
 28955 | Snake:4  | Found Zison's Magic Scroll Emporium.
 28989 | Snake:4  | Bought a scroll of brand weapon for 123 gold pieces
 28989 | Snake:4  | Bought a scroll of fog for 52 gold pieces
 28989 | Snake:4  | Bought a scroll of fog for 52 gold pieces
 29279 | Snake:4  | Your ally Agrik died
 29485 | Snake:4  | Your ally Bolgrim died
 29489 | Snake:4  | Your ally Garbold died
 30193 | Snake:4  | Gained mutation: You have hooves in place of feet. [demonic
                  | ancestry]
 30193 | Snake:4  | Reached XP level 18. HP: 68/149 MP: 31/31
 30432 | Snake:4  | Got a serpentine rune of Zot
 30553 | Snake:2  | Anointed Ugrim the priest as your apostle
 30857 | Vaults:1 | Entered Level 1 of the Vaults
 30887 | Vaults:1 | Found Puchid's Jewellery Emporium.
 31255 | Vaults:1 | Identified the +8 hand axe of the Stained God {heavy,
                  | Int+4}
 31348 | Vaults:1 | Identified the +2 robe of the Mind {Rampage Str+4}
 31348 | Vaults:1 | Noticed Boris
 31357 | Vaults:1 | Killed Boris
 31407 | Vaults:1 | Found a transporter.
 31417 | Vaults:1 | Found a bloodstained altar of Trog.
 31419 | Vaults:1 | Found a transporter.
 31429 | Vaults:1 | Noticed Anosyof's ghost (adept CeHu)
 32218 | Vaults:2 | Your ally Ugrim died
 32410 | Vaults:2 | Found a staircase to the Crypt.
 32983 | Vaults:2 | Found Ynupur's Weapon Shop.
 33020 | Vaults:2 | Bought a throwing net for 48 gold pieces
 33067 | Vaults:2 | Gained mutation: Your presence sometimes corrodes those you
                  | injure. [demonic ancestry]
 33067 | Vaults:2 | Reached XP level 19. HP: 165/165 MP: 33/33
 33072 | Vaults:2 | Identified the +5 dagger "Somutz" {freeze, rPois rN+ Str-4
                  | Stlth+}
 35085 | Vaults:3 | Identified the +3 arbalest of Dung {freeze, rN+++ MP+9
                  | Str+3 Int-2}
 35087 | Vaults:3 | Identified the +4 hand cannon "Zeno" {penet, rF+ Str+4}
 35239 | Vaults:3 | Found a runed translucent door.
 35239 | Vaults:3 | Noticed Raecovv Etaz's ghost (adept TrGl)
 35435 | Vaults:3 | Killed Raecovv Etaz's ghost
 35505 | Vaults:4 | Reached skill level 5 in Dodging
 35618 | Vaults:4 | HP: 2/169 [vault warden/+0 glaive (34)]
 35626 | Vaults:4 | Slain by a vault warden

Illustrated notes

Levels and vault maps discovered:
D:1:      minmay_arrival_loop, layout_rooms
D:2:      layout_loops_cross, basic_altar, roderic_serpentine_path,
          kennysheep_flooded_box
D:3:      layout_rooms, shapermc_ecumenical_altar_flowoftime
D:4:      layout_gridville, uniq_menkaure
D:5:      layout_basic, kennysheep_small_spiral, minivault_26
D:6:      layout_rooms, minmay_temple_entry_glass, uniq_jeremiah
D:7:      layout_basic
D:8:      layout_loops_ring, mainiacjoe_overflow_alcove_2,
          mainiacjoe_overflow_boulevard, mainiacjoe_overflow_brackets
D:9:      layout_loops_ring, serial_ice, serial_ice_d, serial_ice_g,
          serial_ice_a, serial_ice_l, hangedman_corner_corridor, uniq_psyche
D:10:     layout_basic, nemelex_xobeh_ov_fountains_minmay, enter_bailey_2,
          uniq_nergalle
D:11:     layout_long_grid, lair_entry_dummy, uniq_amaemon
D:12:     layout_gridville, orc_0_dummy, minmay_holes, uniq_rupert
D:13:     layout_stronghold, gauntlet_entry_generic,
          minmay_guarded_unrand_curses
D:14:     layout_roguey, hellmonk_vaults_attempted_burglary,
          chequers_serial_rivers_room_b
D:15:     hangedman_depths_entry_try_elsewhere_first, layout_cave_pools,
          serial_co_window_serial, co_window_corner_a,
          co_window_of_opportunity_a, co_window_paths_b, co_window_cross_1,
          co_window_corner_a, co_window_corner_b, co_window_broadway_c,
          co_window_paths_c, co_window_unsneaky_path_b,
          co_window_of_opportunity_b, co_window_sun, co_window_4corner_a,
          glass_columns_a, glass_columns_a, glass_columns_a, glass_columns_a,
          glass_columns_a, okawaru_ov_weapons_minmay
Lair:1:   layout_regular_city, small_statue_intersection, evilmike_ambush
          [evilmike_ambush_outer_corners, evilmike_ambush_inner_cross]
Lair:2:   layout_chaotic_city, nicolae_swamp_entry_splash_gauntlet,
          alex1729_snake_entry_snake, portal_ice_cave_rime,
          infiniplex_staircase_pool_2, serial_bayou_shore_b
Lair:3:   layout_loops_ring, uniq_sonja, uniq_gastronok
Lair:4:   nzn_winding_woodlands_stair_trap
          [nzn_winding_woodlands_5x15_sidewinder,
          nzn_winding_woodlands_5x15_default,
          nzn_winding_woodlands_5x15_pathside_ponds,
          nzn_winding_woodlands_15x15_killbox,
          nzn_winding_woodlands_5x15_garden, nzn_winding_woodlands_5x15_cabin,
          nzn_winding_woodlands_5x15_eye], layout_misc_corridors,
          nicolae_volcano_entry_lava_flow
Lair:5:   due_jungle_book, layout_concentric_octagons,
          dpeg_slime_entry_enclosed, nicolae_lair_grove_arrangements,
          ice2_lemuel
Snake:1:  layout_layer_cave
Snake:2:  layout_gridlike, serial_shops, nicolae_shop_pleasant_corner_grove,
          basic_altar, st_stairs_6, minmay_shop_grid_forest,
          nicolae_snake_salamander_zone, serial_bayou_shore_a,
          serial_bayou_shore_b
Snake:3:  gammafunk_sealed_arena, layout_layer_cave, ebering_ghost_gozag,
          serial_shops, shop, uniq_vashnia
Snake:4:  grunt_snake_rune_pools, layout_cave_town, minmay_shop_star
Orc:1:    layout_diamond_mine, basic_altar
Orc:2:    st_orc_mages, layout_caves, basic_altar, uniq_erolcha
Vaults:1: gammafunk_ghost_wrathful_warriors, vaults_mumra_hex,
          nicolae_vaults_closet_pinwheel_5, hangedman_vaults_impose,
          ontoclasm_vaults_tryst, nicolae_vaults_little_ls, v_rooms_4,
          layout_vaults_big_room, serial_shops, shop, uniq_boris
Vaults:2: minmay_crypt_entry_simple_walls, v_misc_24,
          nicolae_vaults_trapezoid_4, v_misc_2, nicolae_vaults_branching_niches,
          grunt_vaults_hallway_short, nicolae_vaults_house_1,
          nicolae_vaults_tetromino_L_1, layout_vaults_quadrants, serial_shops,
          shop
Vaults:3: hellmonk_ghost_happy_afterlife, vaults_room_door_hall,
          ontoclasm_vaults_misaligned, nicolae_vaults_closet_pinwheel_6,
          nicolae_vaults_back_hallway, hangedman_vaults_trim,
          hangedman_vaults_cutoff, nicolae_vaults_yaktaur_gun_rack,
          nicolae_vaults_frosty_reception, vaults_dpeg_ring,
          ontoclasm_vaults_fault, v_misc_22, vaults_dpeg_diagonal,
          nicolae_vaults_little_squares_2, nicolae_vaults_octothorpe,
          layout_vaults_ring
Vaults:4: mu_enter_wizlab_5, st_octagons_1, nicolae_vaults_alarming, v_misc_16,
          v_rooms_5, nicolae_vaults_closet_pinwheel_5, ontoclasm_vaults_chip,
          nicolae_vaults_three_branches, nicolae_vaults_doubleplus_tesselated,
          nicolae_vaults_little_squares_2, vaults_dpeg_encased_lava,
          ontoclasm_vaults_claustrophobia, layout_vaults_omnibox, uniq_margery

Skill      XL: |  1  2  3  4  5  6  7  8  9 10 11 12 13 14 15 16 17 18 19 |
---------------+----------------------------------------------------------+-----
Axes           | 2 3 4 5 6 8 10 12 13 15 17 19 20 | 20.0
Throwing       | 1 |  1.0
Evocations     | 2 5 |  5.0
Invocations    | 1 3 5 7 10 15 19 20 | 20.0
Fighting       | 6 8 10 14 15 18 20 | 20.0
Spellcasting   | 4 |  4.0
Armour         | 2 5 7 10 | 10.0
Shields        | 5 |  5.0
Dodging        | 4 7 |  7.0
Stealth        | |  4.5

Action                     |  1- 3 |  4- 6 |  7- 9 | 10-12 | 13-15 | 16-18 | 19-21 || total
---------------------------+-------+-------+-------+-------+-------+-------+-------++-------
  Melee: Hand axe          |   158 |   170 |   116 |       |       |       |       ||   444
         Kick              |       |    47 |   113 |   167 |   281 |   283 |    56 ||   947
         War axe           |       |       |   243 |   405 |    13 |       |       ||   661
         Broad axe         |       |       |       |       |   719 |   790 |   157 ||  1666
  Throw: Dart              |       |     3 |     5 |     1 |     1 |     1 |       ||    11
 Invoke: Recruit Apostle   |       |       |     2 |     1 |     2 |     2 |       ||     7
         Smiting           |       |       |     3 |    16 |    11 |    37 |       ||    67
         Recall Apostles   |       |       |       |     2 |     6 |     7 |     4 ||    19
         Dismiss Apostle   |       |       |       |       |     2 |     2 |       ||     4
  Evoke: Wand              |     1 |       |       |     5 |     2 |       |       ||     8
    Use: Potion            |     1 |     5 |     3 |    10 |     4 |    11 |     7 ||    41
         Scroll            |     1 |       |    11 |     7 |    18 |     6 |     2 ||    45
   Stab: Invisible         |       |     3 |       |     6 |       |       |       ||     9
         Distracted        |       |       |     4 |     9 |    16 |    15 |     3 ||    47
         Sleeping          |       |       |       |     1 |     6 |       |       ||     7
 Armour: Leather armour    |    13 |       |       |       |       |       |       ||    13
         Chain mail        |   153 |   143 |   261 |   230 |   342 |   536 |       ||  1665
         Skin              |       |    31 |       |       |       |       |       ||    31
         Plate armour      |       |       |       |       |       |   187 |   149 ||   336
  Dodge: Dodged            |    38 |    82 |   196 |   141 |   184 |   223 |    43 ||   907
  Block: Other             |    27 |    26 |    35 |       |       |       |       ||    88
         Buckler           |       |       |    80 |   281 |     2 |       |       ||   363
         Reflection        |       |       |       |    14 |     5 |       |       ||    19
         Kite shield       |       |       |       |       |   519 |   515 |     9 ||  1043
         Tower shield      |       |       |       |       |       |       |   129 ||   129

Table legend: (Time is in decaauts)
 A = Elapsed time spent in this place.
 B = Non-inter-level travel time spent in this place.
 C = Inter-level travel time spent in this place.
 D = Time resting spent in this place.
 E = Time spent auto-exploring this place.
 F = Levels seen in this place.
 G = Mean time per level.
                   A        B        C        D        E       F      G
               +--------+--------+--------+--------+--------+-----+--------+
         Total |  35377 |  32617 |   2760 |   4441 |  20464 |  34 | 1040.5 |
       Dungeon |  14821 |  13540 |   1281 |   1682 |   8886 |  15 |  988.1 |
          Lair |   6456 |   5808 |    648 |    597 |   3787 |   5 | 1291.2 |
     Snake Pit |   6315 |   5905 |    410 |   1018 |   3573 |   4 | 1578.8 |
  Orcish Mines |   1038 |    922 |    116 |     50 |    606 |   2 |  519.0 |
        Vaults |   4197 |   3893 |    304 |    219 |   2830 |   4 | 1049.2 |
         Abyss |    292 |    292 |      0 |     55 |      0 |   1 |  292.0 |
        Bailey |    163 |    163 |      0 |     26 |      0 |   1 |  163.0 |
      Ice Cave |   1722 |   1722 |      0 |    793 |    527 |   1 | 1722.0 |
       Volcano |    370 |    370 |      0 |      0 |    254 |   1 |  370.0 |
               +--------+--------+--------+--------+--------+-----+--------+

Top non-repeatable levels by time:
     D:4: 2136 daAuts
 Snake:4: 2029 daAuts
  Lair:2: 1760 daAuts
   IceCv: 1722 daAuts
 Snake:3: 1604 daAuts
Vaults:2: 1577 daAuts
 Snake:2: 1475 daAuts
  Lair:5: 1368 daAuts
  Lair:4: 1343 daAuts
Vaults:3: 1302 daAuts
 Snake:1: 1206 daAuts
Vaults:1: 1182 daAuts
    D:13: 1124 daAuts
     D:5: 1122 daAuts
     D:6: 1112 daAuts
